 Dungeon Crawl Stone Soup version 0.24.0-37-gcf1ca852f1 (webtiles) character file.

Game seed: 14620864771670229103, levelgen mode: deterministic

61 Curus the Slasher (level 3, 0/31 HPs)
             Began as a Minotaur Abyssal Knight on Nov 30, 2019.
             Was a Believer of Lugonu.
             Hit by a goblin thrown by Robin (1 damage)
             ... on level 2 of the Dungeon.
             The game lasted 00:04:24 (930 turns).

Curus the Slasher (Minotaur Abyssal Knight)          Turns: 930, Time: 00:04:24

Health: 0/31       AC:  7    Str: 19    XL:     3   Next: 83%
Magic:  4/4        EV: 10    Int:  9    God:    Lugonu [**....]
Gold:   37         SH:  0    Dex: 10    Spells: 2/2 levels left

rFire    . . .     SeeInvis .   a - +1 falchion
rCold    . . .     Gourm    .   (no shield)
rNeg     . . .     Faith    .   g - +0 scale mail
rPois    .         Spirit   .   (helmet restricted)
rElec    .         Reflect  .   (no cloak)
rCorr    .         Harm     .   h - +0 pair of gloves
MR       .....                  (no boots)
Stlth    ..........             (no amulet)
HPRegen  0.10/turn              i - +3 ring of strength
MPRegen  0.09/turn              (no ring)

@: no status effects
A: retaliatory headbutt, horns 2
a: Depart the Abyss, Bend Space, Renounce Religion


You were on level 2 of the Dungeon.
You worshipped Lugonu.
Lugonu was pleased with you.
You were not hungry.

You visited 1 branch of the dungeon, and saw 2 of its levels.
You visited the Abyss 1 time.

You collected 37 gold pieces.

Inventory:

Hand Weapons
 a - a +1 falchion (weapon)
Armour
 b - a +0 leather armour
 d - a +3 leather armour
 e - a +0 ring mail
 g - a +0 scale mail (worn)
 h - a +0 pair of gloves (worn)
Jewellery
 i - a +3 ring of strength (left hand)
Scrolls
 f - 3 scrolls of identify
Comestibles
 c - 6 rations


   Skills:
 - Level 3.6 Fighting
 + Level 4.0 Long Blades
 - Level 2.4 Armour
 - Level 1.1 Dodging
 + Level 3.1 Invocations


You had 2 spell levels left.
You didn't know any spells.
Your spell library was empty.

Dungeon Overview and Level Annotations

Branches:
Dungeon (2/15)

Altars:

Annotations:
D:2 Robin, Sigmund


Innate Abilities, Weirdness & Mutations

You reflexively headbutt those who attack you in melee.
You have a pair of horns on your head.


Message History

The goblin hits you but does no damage.
You closely miss the hobgoblin. You headbutt the hobgoblin.
You kill the hobgoblin!
Lugonu accepts your kill.
Your Long Blades skill increases to level 4!
The goblin barely misses you. The goblin hits you with a +0 dagger.
* * * LOW HITPOINT WARNING * * *
Things that are here:
a +0 club; a bat corpse Unknown command.
You hit Robin. You headbutt Robin, but do no damage.
Robin is moderately wounded.
Robin barely misses you. The goblin hits you with a +0 dagger.
* * * LOW HITPOINT WARNING * * *
Unknown command.
The goblin no longer looks unusually strong.
The goblin hits you but does no damage. Robin throws the goblin at you!
You die...

#.......# #.#†#.#.#
########+#### #.#...#.#
......)..?..#####.##.##.#
......†.....##....#.....#
......)†)...##.####.#.###
########g#####.#....#.#
#######.....#.#.####.#
#......).@..#.#.# ..
#..>....g...'.#.# #.
#...........###.# .#
#...........# #.# ..
#...........# #<#
#...........# ###
#...........#
#...........#
#.......#####


You could see Robin and a goblin.

Vanquished Creatures
  An ooze (D:1)
  2 dart slugs (D:1)
  2 leopard geckos
  3 bats
  4 giant cockroaches
  14 goblins
  7 hobgoblins
  2 jackals (D:1)
  2 frilled lizards (D:1)
  5 kobolds (D:1)
  2 rats (D:1)
44 creatures vanquished.

Notes
Turn   | Place    | Note
-------+----------+-------------------------------------------
     0 | Abyss:1  | Curus the Minotaur Abyssal Knight began the quest for the
                  | Orb.
     0 | Abyss:1  | Reached XP level 1. HP: 19/19 MP: 1/1
    16 | D:1      | Escaped the Abyss
   241 | D:1      | Reached XP level 2. HP: 26/26 MP: 2/2
   245 | D:1      | Reached skill level 3 in Long Blades
   319 | D:1      | Reached ** piety under Lugonu
   364 | D:1      | Reached XP level 3. HP: 30/31 MP: 4/4
   753 | D:2      | Noticed Sigmund
   913 | D:2      | Noticed Robin
   926 | D:2      | Reached skill level 4 in Long Blades
   928 | D:2      | HP: 1/31 [goblin/+0 dagger[Robin] (5)]
   930 | D:2      | Hit by a goblin thrown by Robin

Levels and vault maps discovered:
D:1:      dpeg_arrival_snail, layout_rooms, serial_forest,
          infiniplex_forest_end_1, infiniplex_forest_lined_room_2,
          infiniplex_forest_split, infiniplex_forest_end_1,
          infiniplex_forest_clump_medium, infiniplex_forest_fountain,
          minmay_3d_cube
D:2:      layout_basic, lemuel_coloured_pillars_altar, marbit_many_paths,
          uniq_sigmund, uniq_robin

Skill      XL: |  1  2  3 |
---------------+----------+-----
Invocations    | 2 3 |  3.1
Long Blades    | 3 4 |  4.0
Fighting       | |  3.6
Armour         | |  2.4
Dodging        | |  1.1

Action                   || total
-------------------------++-------
Melee: Falchion          ||    68
       Headbutt          ||    13
  Use: Scroll            ||     2
       Potion            ||     3
Armor: Leather armour    ||     4
       Ring mail         ||    13
       Scale mail        ||    20
Dodge: Dodged            ||    41
       Rpst.: Falchion   ||     7
